 Dungeon Crawl Stone Soup version 0.32-a0-411-g744942f433 (webtiles) character file.

Game seed: 12222696496601319552

156 lunkers the Shooter (level 5, -2/37 HPs)
             Began as a Coglin Hexslinger on Feb 21, 2024.
             Slain by an orc
             ... wielding a +0 trident
              (3 damage)
             ... on level 3 of the Dungeon.
             The game lasted 00:02:44 (2501 turns).

lunkers the Shooter (Coglin Hexslinger)             Turns: 2501, Time: 00:02:45

Health: -2/37      AC:  2    Str:  8    XL:     5   Next: 37%
Magic:  6/6        EV: 12    Int: 12    God:
Gold:   112        SH:  0    Dex: 19    Spells: 4/6 levels left

rFire   . . .        a - +1 sling {Agam}
rCold   . . .        e - +0 sling {Tlalli}
rNeg    . . .        c - +0 robe
rPois   .            (no helmet)
rElec   .            (no cloak)
rCorr   .            (no gloves)
SInv    .            (no boots)
Will    .....        (no amulet)
Stlth   ++           (no ring)
HPRegen 0.26/turn    (no ring)
MPRegen 0.10/turn

%: no passive effects
@: revved
A: off-hand wielding, slow wielding, warmup strikes, legs shutdown
a: no special abilities


You were on level 3 of the Dungeon.
You visited 1 branch of the dungeon, and saw 3 of its levels.

You collected 112 gold pieces.

Inventory:

Hand Weapons
 a - a +1 sling (weapon) {Agam}
 e - a +0 sling (offhand) {Tlalli}
Armour
 c - a +0 robe (worn)
Scrolls
 b - a scroll of poison
 d - a scroll of vulnerability
 g - 3 scrolls of identify
 h - a scroll of immolation
 j - a scroll of enchant weapon {unknown}
Potions
 f - a potion of curing
 i - 2 potions of cancellation {unknown}


   Skills:
 - Level 1.0 Fighting
 * Level 4.9 Ranged Weapons
 - Level 1.7 Dodging
 - Level 1.0 Spellcasting
 - Level 2.6 Hexes
 - Level 0.8 Fire Magic


You had 4 spell levels left.
You knew the following spells:

 Your Spells              Type           Power      Damage    Failure   Level
p - Jinxbite              Hex            14%        N/A       16%         2

Your spell library contained the following spells:

 Spells                   Type           Power      Damage    Failure   Level
 Sigil of Binding         Hex            7%         N/A       30%         3
 Inner Flame              Hex/Fire       4%         N/A       41%         3
 Fugue of the Fallen      Necr           0%         N/A       65%         3
 Ozocubu's Armour         Ice            0%         N/A       65%         3
 Cause Fear               Hex            3%         N/A       69%         4
 Dimensional Bullseye     Hex/Tloc       1%         N/A       86%         4
 Manifold Assault         Tloc           0%         N/A       96%         4


Dungeon Overview and Level Annotations

Branches:
Dungeon (3/15)

Altars:


Innate Abilities, Weirdness & Mutations

You can wield a second weapon in your off-hand.
It takes a long time for you to wield or remove held weapons.
Your first few attacks do less damage.
Attacking and casting redirects power from your legs.


Message History

Unknown command.
You feel better.
You hear some strange, mumbled words.
A puff of flame appears from out of thin air!
The puff of flame hits you!
* * * LOW HITPOINT WARNING * * *
Fire: a) +1 sling {Agam}
Press: ? - help, Q - select action, (/) - cycle Shift-Dir - straight line, f - orc
Aim: an orc, wielding a +0 club and wearing a +0 chain mail (heavily wounded, 69% to hit)
You shoot a sling bullet. The sling bullet hits the orc!
You kill the orc!
You shoot a sling bullet.
The sling bullet closely misses the orc.
The sling bullet hits the orc but does no damage.
Something hits you.
* * * LOW HITPOINT WARNING * * *
The orc barely misses you.
Unknown command.
Fire: a) +1 sling {Agam}
Press: ? - help, Q - select action, (/) - cycle Shift-Dir - straight line, f - orc
Aim: an orc, wielding a +0 trident and wearing a +0 ring mail (65% to hit)
You shoot a sling bullet.
The sling bullet hits the orc but does no damage.
You shoot a sling bullet. Something hits you.
* * * LOW HITPOINT WARNING * * *
The orc barely misses you.
Unknown command.
Fire: a) +1 sling {Agam}
Press: ? - help, Q - select action, (/) - cycle Shift-Dir - straight line, f/p - orc
Aim: an orc, wielding a +0 trident and wearing a +0 ring mail (65% to hit)
You shoot a sling bullet. The sling bullet hits the orc.
The orc is moderately wounded.
You shoot a sling bullet.
The sling bullet closely misses the orc.
The sling bullet hits the orc.
The orc is severely wounded.
Something hits you but does no damage.
The orc hits you from afar with a +0 trident.
You die... #........#.##........#. ########.#.#....####.#. #.#.####.# #.#. ######### #.#.# #.# #... ..ooo.oo#

#.#.# #.######.
#######.# #.#<#
#........ #.# #.#.#
#########
#.#####.#.############
#.oo{@..#.............
#######.##############
###


You could see 2 orcs.

Vanquished Creatures
  A bombardier beetle (D:3)
  An adder (D:2)
  3 gnolls (D:2)
  A white imp (D:3)
  A ribbon worm (D:2)
  2 orcs (D:3)
  6 ball pythons
  5 bats
  4 endoplasms
  A giant cockroach (D:3)
  2 goblins (D:3)
  4 hobgoblins
  2 quokkas
  8 frilled lizards
  3 kobolds (D:1)
  A rat (D:2)
45 creatures vanquished.

Notes
Turn   | Place    | Note
-------+----------+-------------------------------------------
     0 | D:1      | lunkers the Coglin Hexslinger began the quest for the Orb.
     0 | D:1      | Reached XP level 1. HP: 15/15 MP: 2/2
     3 | D:1      | Reached skill level 2 in Ranged Weapons
    68 | D:1      | Reached XP level 2. HP: 21/21 MP: 3/3
    95 | D:1      | Learned a level 2 spell: Jinxbite
   395 | D:1      | Reached skill level 3 in Ranged Weapons
   460 | D:1      | Reached XP level 3. HP: 26/26 MP: 4/4
   796 | D:2      | HP: 1/26 [gnoll/+0 spear (2)]
  1038 | D:2      | Reached XP level 4. HP: 32/32 MP: 2/5
  1048 | D:2      | Reached skill level 4 in Ranged Weapons
  1424 | D:2      | Found a faded altar of an unknown god.
  1708 | D:3      | Reached XP level 5. HP: 37/37 MP: 3/6
  1880 | D:3      | Identified the +6 whip of Fastroapt {venom, ^Contam Dex+4}
  2500 | D:3      | HP: 1/37 [something (1)]
  2501 | D:3      | Slain by an orc

Illustrated notes

Levels and vault maps discovered:
D:1:      mrwooster_arrival_statue, layout_loops_ring
D:2:      layout_basic, hellmonk_ecumenical_altar_blasted
D:3:      layout_basic, chequers_serial_rivers_marsh

Skill      XL: |  1  2  3  4 |
---------------+-------------+-----
Ranged Weapons | 2 3 4 |  4.9
Fighting       | |  1.0
Dodging        | |  1.7
Spellcasting   | |  1.0
Hexes          | |  2.6
Fire Magic     | |  0.8

Action                     |  1- 3 |  4- 6 || total
---------------------------+-------+-------++-------
  Melee: Sling             |       |     2 ||     2
   Fire: Sling             |    68 |    96 ||   164
   Cast: Jinxbite          |     6 |     7 ||    13
    Use: Scroll            |     6 |       ||     6
         Potion            |       |     1 ||     1
 Armour: Robe              |    14 |    21 ||    35
  Dodge: Dodged            |    21 |     5 ||    26

Table legend: (Time is in decaauts)
 A = Elapsed time spent in this place.
 B = Non-inter-level travel time spent in this place.
 C = Inter-level travel time spent in this place.
 D = Time resting spent in this place.
 E = Time spent auto-exploring this place.
 F = Levels seen in this place.
 G = Mean time per level.
                   A        B        C        D        E       F      G
               +--------+--------+--------+--------+--------+-----+--------+
         Total |   2526 |   2494 |     32 |     37 |   2177 |   3 |  842.0 |
       Dungeon |   2526 |   2494 |     32 |     37 |   2177 |   3 |  842.0 |
               +--------+--------+--------+--------+--------+-----+--------+

Top non-repeatable levels by time:
     D:3: 988 daAuts
     D:2: 811 daAuts
     D:1: 726 daAuts
